AoeStats
← Thời Miễu

Arabia

508868329Analyzed
1v1 RM · 9d ago on Sep 24, 2026· 17m 51s· 2 players
Game mode
Random Map
Map size
Tiny (2 player)
Population
200
Speed
Normal
Resources
Standard
Victory
Conquest
Starting age
Dark Age
Ending age
Imperial Age
RankedLock teamsTeams togetherTeam positionsShared explorationLock speedFull tech treeHidden civsTurbo modeCheats
Victory
Defeat
🇨🇦 Japanese · Canada
958
+17
🇻🇳 Lithuanians · Vietnam
985
-20
joel_morneau
9:44 Feudal Age
9:47 Man-at-Arms
10:29 Arson
14:31 Double-Bit Axe
15:21 Scale Mail Armor
Thời Miễu
5:32 Loom
9:42 Feudal Age
10:15 Double-Bit Axe
18:12 Forging
18:07 Scale Barding Armor
Connection lost

Rejoining the realm…

Still unreachable

The connection could not be restored.

Session expired

The server has moved on; the page needs a fresh start.